 Dungeon Crawl Stone Soup version 0.20.1-1-g8b1a95d (webtiles) character file.

98 keltmir the Chopper (level 4, -7/38 HPs)
             Began as a Minotaur Gladiator on Oct 27, 2017.
             Was a Follower of Uskayaw.
             Mangled by an ogre
             ... wielding a +0 giant spiked club
              (23 damage)
             ... on level 3 of the Dungeon.
             The game lasted 00:12:06 (2129 turns).

keltmir the Chopper (Minotaur Gladiator)            Turns: 2129, Time: 00:12:07

Health: -7/38      AC:  8    Str: 19    XL:     4   Next: 43%
Magic:  3/3        EV:  8    Int:  5    God:    Uskayaw [*.....]
Gold:   45         SH:  0    Dex: 12    Spells: 3/3 levels left

rFire    . . .     SeeInvis .   a - +0 war axe
rCold    . . .     Gourm    .   (no shield)
rNeg     . . .     Faith    .   p - +0 chain mail
rPois    .         Spirit   .   c - +0 hat
rElec    .         Reflect  .   (no cloak)
rCorr    .         Harm     .   (no gloves)
MR       .....                  (no boots)
Stlth    ..........             (no amulet)
Regen    0.2/turn               (no ring)
MPRegen  0.1/turn               (no ring)

@: no status effects
A: retaliatory headbutt, horns 2
a: Stomp, Renounce Religion


You were on level 3 of the Dungeon.
You worshipped Uskayaw.
Uskayaw was noncommittal.
You were very hungry.

You visited 1 branch of the dungeon, and saw 3 of its levels.

You collected 45 gold pieces.

Inventory:

Hand Weapons
 a - a +0 war axe (weapon)
Missiles
 d - 3 throwing nets (quivered)
Armour
 b - a +0 leather armour
 c - a +0 hat (worn)
 p - a +0 chain mail (worn)
Jewellery
 m - an uncursed ring of ice {unknown}
Scrolls
 e - a scroll of remove curse
 g - 3 scrolls of teleportation
 j - 2 scrolls of identify {unknown}
Potions
 h - a potion of berserk rage {unknown}
 i - a potion of might {unknown}
 k - a potion of brilliance {unknown}
 l - 2 potions of curing {unknown}
 q - a potion of heal wounds {unknown}
Comestibles
 f - 3 bread rations
 n - 2 meat rations
 o - a royal jelly


   Skills:
 * Level 3.4 Fighting
 * Level 5.8 Axes
 - Level 2.0 Throwing
 - Level 3.3 Dodging


You had 3 spell levels left.
You didn't know any spells.

Dungeon Overview and Level Annotations

Branches:
Dungeon (3/15)

Altars:
Elyvilon
Fedhas
Uskayaw
Yredelemnul


Innate Abilities, Weirdness & Mutations

You reflexively headbutt those who attack you in melee.
You have a pair of horns on your head.


Message History

The rat bites you but does no damage. The rat barely misses you.
You furiously retaliate!
You headbutt the rat.
You kill the rat!
An orc priest comes into view. It is wielding a falchion.
You slash the ogre!
The ogre is moderately wounded.
The ogre hits you with a giant spiked club!
You can now pass through a line of other dancers.
An orc comes into view. It is wielding a club.
The orc priest casts a cantrip, but nothing happens.
You are feeling very hungry.
You can no longer pass through a line of other dancers.
The ogre hits you but does no damage.
The ogre hits you with a giant spiked club!
The ogre barely misses you.
There is a stone staircase leading up here.
You can't go down here!
The ogre hits you with a giant spiked club!!
Ouch! That really hurt!
You die...

............#
.......o$...#
###.....###o#
#...[?#.# #.#
#.#...#.###.#
. #.# #.#o..#
#. #.#.### #
#.#.#.#
#.#.O@# #####


You could see an ogre.

Vanquished Creatures
  Jessica (D:2)
  3 adders (D:2)
  2 worms (D:2)
  2 dart slugs (D:2)
  7 bats
  2 giant cockroaches
  5 hobgoblins
  A quokka (D:2)
  2 frilled lizards (D:2)
  4 goblins (D:2)
  6 kobolds
  5 rats
  A bush (D:2)
  2 plants (D:2)
43 creatures vanquished.

Vanquished Creatures (others)
  A quokka (D:2)
1 creature vanquished.

Grand Total: 44 creatures vanquished

Notes
Turn   | Place    | Note
-------+----------+-------------------------------------------
     0 | D:1      | keltmir the Minotaur Gladiator began the quest for the Orb.
     0 | D:1      | Reached XP level 1. HP: 18/18 MP: 0/0
   238 | D:1      | Reached skill level 4 in Axes
   305 | D:1      | Reached XP level 2. HP: 10/25 MP: 1/1
   799 | D:2      | Found a white marble altar of Elyvilon.
   864 | D:2      | Found a basalt altar of Yredelemnul.
   870 | D:2      | Found a hide-covered altar of Uskayaw.
   870 | D:2      | Found a blossoming altar of Fedhas.
  1249 | D:2      | Reached XP level 3. HP: 24/31 MP: 2/2
  1359 | D:2      | Became a worshipper of Uskayaw the Reveler
  1420 | D:2      | Reached * piety under Uskayaw
  1436 | D:2      | Reached skill level 5 in Axes
  1448 | D:2      | Reached ** piety under Uskayaw
  1464 | D:2      | Noticed Jessica
  1469 | D:2      | Killed Jessica
  1469 | D:2      | Reached XP level 4. HP: 38/38 MP: 3/3
  2107 | D:3      | Noticed an ogre
  2129 | D:3      | Mangled by an ogre

Skill      XL: |  1  2  3 |
---------------+----------+-----
Axes           | 4 5 |  5.8
Fighting       | 3 |  3.4
Throwing       | |  2.0
Dodging        | |  3.3

Action                   |  1- 3 |  4- 6 || total
-------------------------+-------+-------++-------
Melee: War axe           |   118 |    33 ||   151
       Headbutt          |    39 |     5 ||    44
  Use: Scroll            |     2 |       ||     2
  Eat: Chunk             |     1 |     2 ||     3
Armor: Leather armour    |    12 |       ||    12
       Chain mail        |    19 |    24 ||    43
Dodge: Dodged            |    37 |    23 ||    60
